Cogmind - Beta 16.1 @@@ ROGUE MODE // 2026.04.13 @ 15:54:22 Player: macchez Result: Self-destructed Performance ------------- Evolutions (2) 1000 Regions Visited (5) 1000 Robots Destroyed (56) 280 Value Destroyed (1235) 1235 Prototype IDs (26) 520 Alien Tech Used (0) 0 Bonus (300) 300 TOTAL SCORE: 4335 Bonus ------- Aligned with FarCom 300 Cogmind --------- Core Integrity 324/550 Matter 300/300 Energy 100/100 System Corruption 0% Temperature Cool (0) Movement Hovering (160) Ox1 Location -8/Materials Parts ------- > --- POWER (1) -------- Backup Power I > --- PROPULSION (4) --- Backup Propulsion I > --- UTILITY (4) ------ Core Shielding Reactive Plating Hacking Suite > --- WEAPON (2) ------- (None) > --- INVENTORY (5) ---- Light Ion Engine Light Nuclear Core Peak State ------------ > --- POWER ------------ Light Nuclear Core > --- PROPULSION ------- Flight Unit Flight Unit Improved VTOL Module > --- UTILITY ---------- Cloak of Protection Utility Shielding Light Armor Plating Hacking Suite > --- WEAPON ----------- Light Assault Rifle Rocket Launcher > --- INVENTORY -------- Light Ion Engine Light Nuclear Core Core Shielding Light Assault Rifle [Rating: 25] Favorites ----------- Power Ion Engine Engine Ion Engine Power Core Light Nuclear Core Propulsion Light Treads Treads Light Treads Leg Aluminum Leg Hover Unit Backup Propulsion I Flight Unit Flight Unit Utility Hacking Suite Device Cloak of Protection Storage High-capacity Storage Unit Hackware Hacking Suite Protection Utility Shielding Weapon Light Assault Rifle Energy Gun EM Pulse Gun Ballistic Gun Light Assault Rifle Launcher Rocket Launcher Build | -11 -10 -10 -10 -9 -8 ------- Run | Yrd Mat Min Exi Min Mat Slots Evolved 4 | . . . . . 4 Power . | . . . . . . Propulsion 2 | . . . . . 2 Utility 2 | . . . . . 2 Weapon . | . . . . . . Parts Attached 32 | 4 13 2 . 3 10 Power 5 | 1 3 . . 1 . Engine 4 | 1 3 . . . . Core 1 | . . . . 1 . Reactor . | . . . . . . Propulsion 8 | . 3 . . 2 3 Treads 3 | . 3 . . . . Leg 2 | . . . . 2 . Wheel . | . . . . . . Hover . | . . . . . . Flight 3 | . . . . . 3 Utility 12 | 1 5 . . . 6 Device 1 | . . . . . 1 Storage 5 | 1 4 . . . . Processor . | . . . . . . Hackware 1 | . 1 . . . . Protection 5 | . . . . . 5 Artifact . | . . . . . . Weapon 7 | 2 2 2 . . 1 Energy Gun 1 | 1 . . . . . Energy Cannon . | . . . . . . Ballistic Gun 4 | 1 1 1 . . 1 Ballistic Cannon . | . . . . . . Launcher 2 | . 1 1 . . . Special Weapon . | . . . . . . Impact Weapon . | . . . . . . Slashing Weapon . | . . . . . . Piercing Weapon . | . . . . . . Special Melee Weapon . | . . . . . . Unidentified Prototypes 1 | . . . . . 1 Parts Lost 19 | . 3 4 . 2 10 Power 4 | . 2 . . 1 1 Propulsion 4 | . . 1 . 1 2 Utility 4 | . . . . . 4 Weapon 7 | . 1 3 . . 3 Highest Loss Streak 5 | . 2 4 . 2 5 To Critical Strikes . | . . . . . . Average Backups 11 | 3 10 14 15 15 5 Power 2 | . 2 3 4 3 2 Propulsion 2 | 1 2 2 2 2 . Utility 5 | . 4 8 8 9 2 Weapon . | . . . 1 1 . Tool/Special . | . . . . . . Unused Backups 12 | . 5 . . . 7 Power 3 | . 1 . . . 2 Propulsion 1 | . 1 . . . . Utility 6 | . 1 . . . 5 Weapon 1 | . 1 . . . . Tool/Special 1 | . 1 . . . . Average Slot Usage (%) 95 | . 97 98 100 99 79 Engine 11 | . 13 14 14 . . Core 1 | . . . . 13 8 Treads 21 | . 26 27 28 1 . Leg 1 | . . . . 25 2 Flight 2 | . . . . . 18 Device 1 | . . . . . 8 Storage 13 | . 17 14 14 14 1 Hackware 11 | . 10 14 14 14 9 Protection 2 | . . . . . 14 Energy Gun 1 | . 2 . . . . Ballistic Gun 15 | . 18 13 14 14 8 Launcher 10 | . 6 13 14 14 8 Peak Build Rating 25 | 4 10 11 12 14 25 Average Rating 11 | 3 9 10 11 13 20 On Entrance 8 | . 4 10 11 12 14 Avg Prop Armor Cover (%) 3 | . . . . . 3 Naked Turns . | . . . . . . Heaviest Build 59 | 13 49 50 50 50 59 Greatest Support 40 | 3 40 40 40 40 20 Greatest Overweight (x) 4 | 4 4 2 1 4 2 Average Overweight (x) 1 | 2 . 1 1 2 1 Largest Inventory Capacity 20 | 8 20 20 20 20 20 Average Capacity 16 | 7 15 20 20 20 6 Most Carried 16 | 4 16 15 16 16 15 Average Carried 11 | 3 10 14 15 15 5 Final Capacity 20 | 8 20 20 20 20 5 Final Carried 16 | 4 15 15 16 16 2 Class Distribution -------------------- 77% | Mutant 22% | Scavenger-Mutant Dominant Class ---------------- Mutant | -10/Materials Mutant | -10/Mines Mutant | -10/Exiles Scavenger-Mutant | -9/Mines Scavenger-Mutant | -8/Materials Resources | -11 -10 -10 -10 -9 -8 ----------- Run | Yrd Mat Min Exi Min Mat Matter Collected 1095 | 246 278 130 . 80 361 Remotely . | . . . . . . Salvage Created 1375 | 101 582 221 . 63 408 Parts 98 | 5 46 20 . 6 21 Haulers Intercepted 3 | . 1 . . . 2 Recyclers Shooed . | . . . . . . Parts Field Recycled . | . . . . . . Retrieved Matter . | . . . . . . Parts Self-Destructed . | . . . . . . Prevented . | . . . . . . Parts Restored . | . . . . . . Kills | -11 -10 -10 -10 -9 -8 ------- Run | Yrd Mat Min Exi Min Mat Combat Hostiles Destroyed 38 | . 15 13 . 3 7 Guns 18 | . 14 3 . . 1 AOE 20 | . 1 10 . 3 6 Classes Destroyed 13 | 2 6 1 . 1 3 Worker 2 | . 1 . . . 1 Builder 5 | . . 1 . . 4 Tunneler 1 | 1 . . . . . Hauler 3 | . 1 . . . 2 Recycler 3 | 1 . . . . 2 Mechanic 1 | . . . . . 1 Operator 1 | . 1 . . . . Watcher 3 | . 3 . . . . Swarmer 15 | . 6 9 . . . Grunt 20 | . 9 4 . 2 5 Sentry 1 | . . . . . 1 Hunter 1 | . . . . . 1 Assembled 1 | . . . . 1 . Best Kill Streak 7 | 1 4 3 . 2 7 Combat Bots Only 3 | . 3 3 . 2 3 Max Kills in Single Turn 3 | 1 1 3 . 2 2 Gunslinging . | . . . . . . Exploded 3 | . 1 3 . 2 1 Melee . | . . . . . . Uniques/NPCs Destroyed . | . . . . . . Combat | -11 -10 -10 -10 -9 -8 -------- Run | Yrd Mat Min Exi Min Mat Hostile Shots Fired 269 | . 80 62 . 8 119 Missed 80 | . 21 12 . 2 45 Hits 189 | . 59 50 . 6 74 Projectile 189 | . 59 50 . 6 74 Critical Strikes 5 | . 1 . . . 4 Actively Blocked 1 | . . . . . 1 Damage Taken 2553 | . 689 502 . 141 1221 Core 446 | . 127 82 . 11 226 Absorbed by Shields . | . . . . . . Redirected to Shielding 76 | . . . . . 76 Regen/Repaired (Parts) 215 | . 161 . . . 54 Core Remaining (%) 56 | 100 . . . 12 . Volleys Fired 143 | 6 69 34 . 5 29 Largest 2 | 2 2 2 . 2 2 Hottest 60 | 60 60 53 . 53 53 Shots Fired 248 | 12 133 41 . 10 52 Gun 209 | 12 129 34 . 5 29 Cannon . | . . . . . . Launcher 39 | . 4 7 . 5 23 Special . | . . . . . . Kinetic 181 | 6 107 34 . 5 29 Thermal . | . . . . . . Explosive 39 | . 4 7 . 5 23 Electromagnetic 28 | 6 22 . . . . Robot Hit Streak 9 | 6 9 5 . 3 8 Robot Miss Streak 10 | 1 3 10 . 2 4 Penetration Max . | . . . . . . Secondary Targets 1 | . 1 . . . . Max Gunslinging Chain 1 | . 1 . . . . Shots Hit Robots 148 | 9 83 19 . 6 31 Core Hits 98 | 3 40 17 . 3 35 Critical Kills . | . . . . . . Critical Parts Destroyed 2 | . . 1 . 1 . Critical Strikes 3 | . 1 1 . 1 . Destroy 2 | . . 1 . 1 . Corrupt 1 | . 1 . . . . Melee Attacks . | . . . . . . Impact . | . . . . . . Slashing . | . . . . . . Piercing . | . . . . . . Sneak Attacks . | . . . . . . Combat Hostiles . | . . . . . . Follow-up Attacks . | . . . . . . Damage Inflicted 3635 | 98 843 750 . 272 1672 Guns 1113 | 98 702 128 . 24 161 Cannons . | . . . . . . Explosions 2506 | . 141 606 . 248 1511 Melee . | . . . . . . Ramming 16 | . . 16 . . . Kinetic 893 | 30 550 128 . 24 161 Thermal . | . . . . . . Explosive 2506 | . 141 606 . 248 1511 Electromagnetic 220 | 68 152 . . . . Impact . | . . . . . . Slashing . | . . . . . . Piercing . | . . . . . . Highest Corruption . | . . . . . . Average Corruption . | . . . . . . Corruption Purged . | . . . . . . Corruption Blocked . | . . . . . . Overload Shots . | . . . . . . Overflow Damage 59 | . . 38 . . 21 Projectiles . | . . . . . . Explosions 59 | . . 38 . . 21 Melee . | . . . . . . Knockbacks . | . . . . . . Impact . | . . . . . . Kinetic . | . . . . . . Secondary . | . . . . . . Self-Inflicted Damage 287 | . 51 76 . 55 105 Shots 15 | . 4 3 . 3 5 Rammed 4 | . 1 3 . . . Targets Rammed 5 | . 2 3 . . . Kicked . | . . . . . . Crushed 1 | . 1 . . . . Highest Temperature 148 | 40 112 42 . 36 148 Average Temperature 33 | 24 30 14 . 17 50 Received Heat Transfer 854 | . 273 36 . 59 486 Siege Activations . | . . . . . . Martial Activations . | . . . . . . Shielding Activations . | . . . . . . Robots Disrupted . | . . . . . . Combat Hostiles . | . . . . . . Robots Corrupted . | . . . . . . Combat Hostiles . | . . . . . . Parts Fried 2 | 1 1 . . . . Impact Corruptions . | . . . . . . Robots Melted . | . . . . . . Combat Hostiles . | . . . . . . Parts Melted . | . . . . . . Heat Transferred . | . . . . . . Parts Sabotaged . | . . . . . . Parts Stolen . | . . . . . . Parts Stripped . | . . . . . . Power Chain Reactions . | . . . . . . Alert | -11 -10 -10 -10 -9 -8 ------- Run | Yrd Mat Min Exi Min Mat Maximum Alert Level . | . . . . . . Low Security (%) 100 | 100 100 100 . 100 100 Level 1 . | . . . . . . Level 2 . | . . . . . . Level 3 . | . . . . . . Level 4 . | . . . . . . Level 5 . | . . . . . . High Security . | . . . . . . Max Security . | . . . . . . Peak Influence 134 | 5 120 112 . 60 134 Initial . | . . . . . . Average 20 | . 12 35 . 9 31 Influence Increases 1432 | 10 473 395 . 94 460 Destroy 0b10 Robot/C 740 | . 300 260 . 40 140 Destroy 0b10 Robot/NC 95 | 10 30 5 . . 50 Destroy Leader 152 | . 68 50 . . 34 Successful Hack 23 | . 16 . . . 7 Disable Machine 75 | . . 15 . 15 45 Destroy Structure 227 | . 29 50 . 24 124 Lose Combat Pursuer 120 | . 30 15 . 15 60 Influence Decreases 1317 | 10 473 395 . 94 345 Time Decay 1019 | 10 335 355 . 74 245 Lost Part 190 | . 30 40 . 20 100 Purge Threat 108 | . 108 . . . . Squads Dispatched 4 | . 2 . . . 2 Investigation 1 | . 1 . . . . Extermination . | . . . . . . Reinforcement 3 | . 1 . . . 2 Assault . | . . . . . . Garrison . | . . . . . . Intercept . | . . . . . . Searches Triggered . | . . . . . . Construction Impeded 1 | . . . . . 1 Haulers Reinforced . | . . . . . . Active Scanning Responses . | . . . . . . Cargo Convoy Interrupts . | . . . . . . Stealth | -11 -10 -10 -10 -9 -8 --------- Run | Yrd Mat Min Exi Min Mat Distress Signals 2 | . 1 . . . 1 Communications Jammed . | . . . . . . Distress Signals . | . . . . . . Times Spotted 64 | . 26 13 . 4 21 Peak Tracking Total 10 | . 4 3 . 3 10 Tactical Retreats 5 | . 2 1 . 1 1 Traps | -11 -10 -10 -10 -9 -8 ------- Run | Yrd Mat Min Exi Min Mat Traps Triggered 2 | . 2 . . . . Indirectly . | . . . . . . Trap Hack Attempts . | . . . . . . Triggered . | . . . . . . Disarmed 5 | . 5 . . . . Reprogrammed . | . . . . . . Reused . | . . . . . . Traps Extracted . | . . . . . . Installed . | . . . . . . Triggered . | . . . . . . Machines | -11 -10 -10 -10 -9 -8 ---------- Run | Yrd Mat Min Exi Min Mat Machines Disabled 5 | . . 1 . 1 3 Max in Single Turn 2 | . . 1 . 1 2 Machines Repaired . | . . . . . . Machines Dismantled . | . . . . . . Machines Sabotaged . | . . . . . . Overloaded Fab Kills . | . . . . . . Hacking | -11 -10 -10 -10 -9 -8 --------- Run | Yrd Mat Min Exi Min Mat Machines Accessed 16 | . 10 . 4 . 2 Terminals 7 | . 7 . . . . Fabricators . | . . . . . . Repair Stations 2 | . 1 . . . 1 Recycling Units 2 | . 2 . . . . Scanalyzers 1 | . . . . . 1 Garrison Access . | . . . . . . Total Hacks 72 | . 42 . 22 . 8 Successful 57 | . 28 . 22 . 7 Failed 14 | . 14 . . . . Catastrophic 1 | . 1 . . . . Database Lockouts 1 | . . . . . 1 Manual 2 | . . . 2 . . Terminals 33 | . 33 . . . . Fabricators . | . . . . . . Repair Stations 9 | . 4 . . . 5 Recycling Units 5 | . 5 . . . . Scanalyzers 3 | . . . . . 3 Garrison Access . | . . . . . . Terminal Hacks 41 | . 19 . 22 . . Record 27 | . 6 . 21 . . Robot Analysis 1 | . 1 . . . . Prototype ID Bank 1 | . 1 . . . . Branch Access Points 1 | . 1 . . . . Unreport Threat 1 | . 1 . . . . Locate Traps 2 | . 2 . . . . Disarm Traps 1 | . 1 . . . . Patrol Status 1 | . 1 . . . . Transport Status 1 | . 1 . . . . Hauler Manifests 1 | . 1 . . . . Zone Layout 3 | . 3 . . . . Proto ID Catalog 1 | . . . 1 . . Fabricator Hacks . | . . . . . . Repair Station Hacks 9 | . 4 . . . 5 Scan Component 4 | . 2 . . . 2 Repair 4 | . 2 . . . 2 Refit 1 | . . . . . 1 Recycling Unit Hacks 5 | . 5 . . . . Process 1 | . 1 . . . . Report Inventory 2 | . 2 . . . . Retrieve Matter 1 | . 1 . . . . Retrieve Components 1 | . 1 . . . . Scanalyzer 2 | . . . . . 2 Retrieve Study 2 | . . . . . 2 Garrison Access Hacks . | . . . . . . Unauthorized Hacks . | . . . . . . Terminals . | . . . . . . Fabricators . | . . . . . . Repair Stations . | . . . . . . Recycling Units . | . . . . . . Scanalyzers . | . . . . . . Garrison Access . | . . . . . . Data Cores Recovered . | . . . . . . Used . | . . . . . . Hacking Detections 8 | . 8 . . . . Full Trace Events 6 | . 6 . . . . Feedback Events . | . . . . . . Feedback Blocked . | . . . . . . Robot Schematics Acquired . | . . . . . . Robots Built . | . . . . . . Authchips . | . . . . . . Time . | . . . . . . Total Robot Build Rating . | . . . . . . Part Schematics Acquired . | . . . . . . Parts Built . | . . . . . . Authchips . | . . . . . . Time . | . . . . . . Total Part Build Rating . | . . . . . . Part Studies Acquired 2 | . . . . . 2 Parts Repaired 3 | . 2 . . . 1 Time 144 | . 52 . . . 92 Parts Recycled . | . . . . . . Recycled Matter 178 | . 178 . . . . Retrieved Matter 369 | . 369 . . . . Retrieved Components 10 | . 10 . . . . Parts Scanalyzed . | . . . . . . Part Schematics Acquired . | . . . . . . Parts Damaged . | . . . . . . Bothacking | -11 -10 -10 -10 -9 -8 ------------ Run | Yrd Mat Min Exi Min Mat Used RIF Installer . | . . . . . . Robots Hacked . | . . . . . . Non-combat . | . . . . . . Combat . | . . . . . . Robot Hacks Applied . | . . . . . . Relay Couplers Released . | . . . . . . Fabnet Peak Effective % . | . . . . . . Robots Rewired . | . . . . . . Allies Hacked . | . . . . . . Hacks Repelled . | . . . . . . Allies | -11 -10 -10 -10 -9 -8 -------- Run | Yrd Mat Min Exi Min Mat Total Allies . | . . . . . . Largest Group . | . . . . . . Highest-Rated Group . | . . . . . . Highest-Rated Ally . | . . . . . . Total Orders . | . . . . . . Ally Attacks . | . . . . . . Total Damage . | . . . . . . Kills . | . . . . . . Allies Corrupted . | . . . . . . Allies Melted . | . . . . . . Intel | -11 -10 -10 -10 -9 -8 ------- Run | Yrd Mat Min Exi Min Mat Active Infowar (turns) 83 | . . . . . 83 Cloaking 83 | . . . . . 83 Robot Analysis Total 1 | . 1 . . . . Derelict Logs Recovered 1 | . . 1 . . . Drone Launches . | . . . . . . Drone Recoveries . | . . . . . . Exploration | -11 -10 -10 -10 -9 -8 ------------- Run | Yrd Mat Min Exi Min Mat Turns Passed 8186 | 157 3069 1279 2116 451 1114 Spaces Moved 3578 | 77 1363 494 882 165 597 Core 138 | 77 61 . . . . Treads 2682 | . 1302 494 882 4 . Legs 209 | . . . . 161 48 Wheels . | . . . . . . Hover 16 | . . . . . 16 Flight 533 | . . . . . 533 Fastest Speed 34 | 50 160 240 240 240 34 Average Speed 216 | 168 208 242 240 262 170 Slowest Speed 400 | 250 320 320 240 400 260 Overloaded Moves . | . . . . . . Propulsion Burnouts . | . . . . . . Robots Hopped . | . . . . . . Potential Cave-ins . | . . . . . . Cave-ins Triggered . | . . . . . . Exploration Rate (%) 50 | 5 96 73 92 22 17 Regions Visited 5 Branch Regions 3 Pre-discovered Areas 1 | . . . 1 . . Known Exits Taken 1 | . 1 . . . . Unknown Exits Taken 4 | 1 . 1 1 1 . Scrap Searched . | . . . . . . Spaces Dug . | . . . . . . Terrain Destroyed 277 | . 32 67 . 37 141 Melee . | . . . . . . Projectile . | . . . . . . AOE 277 | . 32 67 . 37 141 Terrain Rammed . | . . . . . . Walls Destroyed . | . . . . . . Machines Disabled . | . . . . . . Actions | -11 -10 -10 -10 -9 -8 --------- Run | Yrd Mat Min Exi Min Mat Total 3826 | 94 1484 538 882 174 654 Wait . | . . . . . . Move 3573 | 76 1362 493 881 164 597 Hop . | . . . . . . Pick Up 50 | 8 28 4 1 2 7 Fast Attach . | . . . . . . Attach 32 | 4 11 4 . 2 11 Detach . | . . . . . . Swap 7 | . 6 . . 1 . Drop 16 | . 6 . . . 10 Fire 143 | 6 69 34 . 5 29 Melee . | . . . . . . Ram . | . . . . . . Kick . | . . . . . . Crush 5 | . 2 3 . . . Escape Stasis . | . . . . . . Rewire . | . . . . . . Trap . | . . . . . . Miscellaneous . | . . . . . . Route ------- -11/Scrapyard -10/Materials (discovered 6 exits: [*Mat x3] / *Min x2 / [*Sub]) -10/Mines (discovered 2 exits: [*Mat] / *Exi) -10/Exiles (discovered 2 exits: [*Min x2]) -9/Mines -8/Materials History --------- Turn | Location | Event 6 | -11/Scrapyard | Discovered new exit (range 14) 158 | -11/Scrapyard | Entered Materials 305 | -10/Materials | Build established: Mutant 611 | -10/Materials | Discovered new exit (range 7) 746 | -10/Materials | Discovered new exit (range 14) 1253 | -10/Materials | Identified exit to Mines 1522 | -10/Materials | Discovered new exit (range 9) 1894 | -10/Materials | Repaired Lgt. Treads 1927 | -10/Materials | Repaired Lgt. Assault Rifle 2212 | -10/Materials | Core integrity fell below 50% 2266 | -10/Materials | Discovered new exit (range 7) 2755 | -10/Materials | Discovered new exit (range 16) 3227 | -10/Materials | Entered Mines 3619 | -10/Mines | Received a Rocket Launcher from a helpful Derelict 3692 | -10/Mines | Lost 4 parts (1n3w) 4168 | -10/Mines | Learned 4 Materials zone layouts 4220 | -10/Mines | Core integrity fell below 20% 4422 | -10/Mines | Discovered new exit (range 15) 4489 | -10/Mines | Deemed a non-threat by the Exiles lab entrance 4492 | -10/Mines | Discovered new exit (range 5) 4506 | -10/Mines | Entered Exiles 4564 | -10/Exiles | Discovered new exit (range 15) 4634 | -10/Exiles | Met 8R-AWN 4689 | -10/Exiles | Met EX-HEX 4787 | -10/Exiles | Met EX-DEC 4865 | -10/Exiles | Visited The Gauntlet 5205 | -10/Exiles | Learned location of Zion (-7) 5318 | -10/Exiles | Discovered new exit (range 10) 5656 | -10/Exiles | Met EX-BIN 5697 | -10/Exiles | Aligned with FarCom system 5699 | -10/Exiles | Given EX-Vault access code 6160 | -10/Exiles | Opened EX-Vault 6316 | -10/Exiles | Found Cloak of Protection 6370 | -10/Exiles | Warned to stay clear of 0b10 Research branches 6622 | -10/Exiles | Left Exiles lab with Cloak of Protection 6622 | -10/Exiles | Entered Mines 6635 | -9/Mines | Assembled infested the area 6923 | -9/Mines | Build established: Scavenger-Mutant 6924 | -9/Mines | Discovered new exit (range 7) 7073 | -9/Mines | Entered Materials 7073 | -8/Materials | Evolved 4 slots: Propulsion x2, Utility x2 7148 | -8/Materials | Repaired Rocket Launcher 7756 | -8/Materials | Central database locked down 8112 | -8/Materials | Lost 4 parts (1p1n2u) 8171 | -8/Materials | Lost 5 parts (1n2u2w) 8187 | -8/Materials | Self-destructed Last Messages --------------- 08139_ U-05 Engineer builds a Wall. 08140_ Flight Unit+ destroyed. 08142_ Acquired 39 matter. 08153_ Connecting with Repair Station... >>Refit Scanning configuration... Attaching: Backup Power I x1 Backup Propulsion I x1 >>Scan(Imp. VTOL Module) Scanning Imp. VTOL Module... Ready to Repair: Imp. VTOL Module Rating: 3p Time: 60 >>Repair Repairing Imp. VTOL Module... ETC: 60 08166_ Acquired 59 matter. 08172_ Lgt. Assault Rifle destroyed. Map ----- +----------------------------------------------------+ | ??????????????????????????????????????????? | | ??????????????????????????????????????????? | | ??????????????????????????????????????????? | | ??????????????????????????????????????????? | | ??????????????????????????????????????????? | | ??????????????????????????????????????????? | | ??????????????????????????????????????????? | | ??????????????????????????????????????????? | | ??????????????????????????????????????????? | | ??????????????????????????????????????????? | | ????????????????#?????????????????????????? | | ??????????????? #?????????????????????????? | | ??????######??? #? """ """ # #????? | | ??????# #??? #? """ """ ###########????? | | ??????# #??? #? """ """ #??????????????? | | ??????# ##?? #? """ """ #??????????????? | | ??????#[ #### #? #??????????????? | | ??????# + #? #??????????????? | | ??????# # #?##########??????????????? | | ??????# # #?????????????????????????? | | ??????# + ###???????????????????????? | | ####??# #% # #???????????????????????? | | #??## # # #???????????????????????? | | #??### # ###???????????????????????? | | !! #???## # # #??###########??????????? | | !! #????## # ###??# g @ ! #??????????? | | !! #########% # #??#g""" #??????????? | | # ## # #??#g""" !#??????????? | | # # ## # #??# """ #??????????? | | # ## ###??# !l """#??????????? | | # ##???#% R"#??????????? | | =% # #????# g """#??????????? | | # # #????# g #??????????? | | # ##/## # ##########+######?????????? | | % [ gg #?????????? | | g #?????????? | | #?????????? | | #### # ##+##### #######+####?????????? | | ???### # ## ##### #?????????? | | ?????### # ## #???# #?????????? | | ??????## # ## #???# #????????? | | ??????## # "" ## #??? #????????? | | ?????### # S"" ## #???# #????????? | | ?????## # "" ## #???# #????????? | | ?????### ######### #???#+ # ##????????? | | ?????# # # #?????# #???# # ##?????????? | | ?????### ####???##+##### #####??????????? | | ####### # #??? # #??????????????? | | % ###??? # #??????????????? | | ##??? # #??????????????? | +----------------------------------------------------+ Best States ------------- Heat Dissipation 31 Energy Generation 15 Energy Capacity 400 Matter Stores 300 Matter Capacity 300 Sight Range 16 Terrain Scan Density 10 Cloak Strength 5 Armor Coverage 150 Resistance: KI 20 Core Shielding 20 Utility Shielding 33 Evasion (%) 63 Recoil Reduction 2 Offensive Hacking 10 Item Schematics ----------------- None Robot Schematics ------------------ None Fabricated ------------ Nothing Repaired ---------- Lgt. Treads | 29% | -10/Materials Lgt. Assault Rifle | 22% | -10/Materials Rocket Launcher | 22% | -8/Materials Studied --------- Flight Unit | -8/Materials | Hacked Lgt. Nuclear Core | -8/Materials | Hacked Alien Tech Used ----------------- None Achievements -------------- Everything Is Under Control I Survived The Infestation Sixth Sense That Tickles Tourist Challenges ------------ None Game ------ Seed MobilePiercingImpeller Manual? 0 Play Time 00:54:15 Cumulative 3.7 hours Start 2026.04.13 @ 10:34:22 End 2026.04.13 @ 15:54:22 Sessions 5 Manual Loads 0 Difficulty Rogue Special Mode None Game No. 7 Rogue 7 Adventurer 0 Explorer 0 Win Type - Total 0 Types 0/0/0/0/0/0/0/0/0/0 Lore% 3 Gallery% 6 Achievement% 7 Wizard Run 0 Options --------- Layout 1 ASCII 0 Keyboard 0 Movement Arrows Keybinds 0 Fullscreen 1 Font 28/SmallcapsGlow Map View 50x43 Zoom Use 0% Tactical HUD 1 Map Filters NONE Filters NONE Steam 1 RUN: c356a6b7-11c1-4130-b087-df93a975546b